 Dungeon Crawl Stone Soup version 0.18.1-48-g4cf74bf (webtiles) character file.

208 Heedrag the Conjurer (level 5, -15/28 HPs)
             Began as a Deep Elf Conjurer on July 30, 2016.
             Killed from afar by Heedrag's ghost (20 damage)
             ... with an orb of energy
             ... on level 4 of the Dungeon.
             The game lasted 00:07:06 (2970 turns).

Heedrag the Conjurer (Deep Elf Conjurer)            Turns: 2970, Time: 00:07:08

Health: -15/28     AC:  4    Str:  6    XL:     5   Next: 55%
Magic:  23/23      EV: 13    Int: 20    God:
Gold:   188        SH:  0    Dex: 15    Spells: 4 memorised, 1 level left

rFire  . . .     SeeInvis .     f - +0 spear
rCold  . . .     Gourm    .     w - +0 robe {MR+}
rNeg   . . .     Faith    .     (no shield)
rPois  .         Spirit   .     (no helmet)
rElec  .         Dismiss  .     y - +1 cloak
rCorr  .         Reflect  .     (no gloves)
SustAt .         Harm     .     (no boots)
MR     +....                    (no amulet)
Stlth  ++........               (no ring)
                                l - ring of magical power

@: somewhat resistant to hostile enchantments, unstealthy
A: no striking features
a: no special abilities


You were on level 4 of the Dungeon.
You were not hungry.

You visited 1 branch of the dungeon, and saw 4 of its levels.

You collected 188 gold pieces.

Inventory:

Hand Weapons
 f - a +0 spear (weapon)
Armour
 a - a +0 robe
 n - a +0 shield
 w - a +0 robe of magic resistance (worn)
 y - a +1 cloak (worn)
Jewellery
 l - a ring of magical power (left hand)
Wands
 q - a wand of slowing (22/48)
Scrolls
 e - 5 scrolls of teleportation {unknown}
 i - 5 scrolls of identify {unknown}
 j - 2 scrolls of fog {unknown}
 k - a scroll of enchant armour {unknown}
 m - 2 scrolls of recharging {unknown}
 r - 2 scrolls of amnesia {unknown}
 t - a scroll of fear {unknown}
 u - a scroll of enchant weapon {unknown}
Potions
 d - a potion of haste {unknown}
 g - 2 potions of lignification {unknown}
 o - a potion of brilliance {unknown}
 s - 2 potions of degeneration {unknown}
 x - a potion of might {unknown}
Books
 b - a book of Conjurations

   Spells                             Type                      Level
   a - Magic Dart                     Conjuration                  1
   b - Searing Ray                    Conjuration                  2
   c - Dazzling Spray                 Conjuration/Hexes            3
   d - Fulminant Prism                Conjuration/Hexes            4
   e - Iskenderun's Mystic Blast      Conjuration                  4
   f - Iskenderun's Battlesphere      Conjuration/Charms           5
Comestibles
 c - 2 bread rations
 h - a beef jerky
 p - a royal jelly
 v - a meat ration
 z - a chunk of flesh


   Skills:
 - Level 2.4 Dodging
 - Level 2.4 Stealth
 + Level 5.0 Spellcasting
 * Level 6.5 Conjurations
 + Level 1.5 Charms


You had one spell level left.
You knew the following spells:

 Your Spells              Type           Power        Failure   Level  Hunger
a - Magic Dart            Conj           ####         1%          1    None
b - Dazzling Spray        Conj/Hex       ###...       10%         3    ##.....
c - Iskenderun's Mystic   Conj           ####....     10%         4    ####...
d - Iskenderun's Battles  Conj/Chrm      ###.....     71%         5    #####..


Dungeon Overview and Level Annotations

Branches:
Dungeon (4/15)
 Temple: D:4-7

Altars:

Annotations:
D:3 Grinder; WarriorsX's ghost, weakling HuFi
D:4 Heedrag's ghost, amateur DECj


Message History

Wear which item? (? fer menu, 'sc ta quit) Ye start puttin' on yer armour.
Ye continue puttin' on yer glowin' cloak. x4
Ye finish puttin' on yer +1 cloak.
Unknown command.
Heedrag's ghost (amateur Deep Elf Conjurer) comes inta view.
Heedrag's ghost turns its malevolent gaze towards ye.
Ye hear a shout!
Heedrag's ghost gestures at ye while chantin'.
Tha orb o' energy hits ye!
Ouch! Tha re'lly hurt!
* * * LOW HITPOINT WARNIN'
* * * Ye see 'ere a club.
Heedrag's ghost gestures at ye while chantin'.
Tha magic dart hits ye!
* * * LOW HITPOINT WARNIN'
* * * Heedrag's ghost gestures at ye while chantin'.
Tha orb o' energy hits ye!
Ouch! Tha re'lly hurt!
Ye die...

#.#.. ...
#.#.#+###########.######
#.......W.....#.........
#.###.#W#######.#W#.##.###
#.....#.# #.#.#.#
#####.#.# #W#.#.# #.#.#
#...#.# #.#W#######.....#
#.#......@....### #.
#.#.########### #.####
#.#.# .....###.#########
.........#..)....#
.........#.......#
.........#.......#
.........#.......#
.........#.......###


You could see Heedrag's ghost.

Vanquished Creatures
  An orc wizard (D:3)
  5 adders
  4 gnolls (D:2)
  5 worms
  3 dart slugs
  9 orcs
  2 ball pythons
  2 giant cockroaches
  9 hobgoblins
  2 jackals (D:1)
  A quokka (D:2)
  8 bats
  4 giant newts
  4 goblins
  5 kobolds
  9 rats
73 creatures vanquished.

Notes
Turn   | Place    | Note
--------------------------------------------------------------
     0 | D:1      | Heedrag the Deep Elf Conjurer began the quest for the Orb.
     0 | D:1      | Reached XP level 1. HP: 10/10 MP: 6/6
   257 | D:1      | Reached XP level 2. HP: 15/15 MP: 1/8
   468 | D:1      | Reached skill level 5 in Conjurations
   891 | D:2      | Reached XP level 3. HP: 17/19 MP: 1/10
   897 | D:2      | Learned a level 3 spell: Dazzling Spray
  1056 | D:2      | Found a faded altar to an unknown god.
  1202 | D:2      | Reached XP level 4. HP: 16/24 MP: 8/12
  1281 | D:2      | Learned a level 4 spell: Iskenderun's Mystic Blast
  1477 | D:2      | Reached skill level 6 in Conjurations
  1798 | D:3      | Noticed WarriorsX's ghost (weakling HuFi)
  1802 | D:3      | Noticed Grinder
  1893 | D:3      | Reached XP level 5. HP: 17/28 MP: 13/13
  1909 | D:3      | Learned a level 5 spell: Iskenderun's Battlesphere
  2471 | D:2      | Reached skill level 1 in Charms
  2635 | D:3      | Reached skill level 5 in Spellcasting
  2944 | D:4      | Noticed Heedrag's ghost (amateur DECj)
  2970 | D:4      | Killed from afar by Heedrag's ghost

Skill      XL: |  1  2  3  4  5 |
---------------+----------------+-----
Conjurations   | 5 6 |  6.5
Spellcasting   | 4 5 |  5.0
Charms         | 1 |  1.5
Dodging        | |  2.4
Stealth        | |  2.4

Action                   |  1- 3 |  4- 6 || total
-------------------------+-------+-------++-------
Melee: Spear             |    12 |       ||    12
 Cast: Magic Dart        |    68 |   120 ||   188
       Dazzling Spray    |       |     3 ||     3
  Eat: Chunk             |     1 |     5 ||     6
Armor: Robe              |     3 |     3 ||     6
Dodge: Dodged            |    13 |    46 ||    59
